 Dungeon Crawl Stone Soup version 0.30-a0-358-g0d69a1922f (webtiles) character file.

Game seed: 4167934578909675376

856 KennySheep the Cudgeller (level 8, -5/62 HPs)
             Began as a Formicid Fighter on Nov 11, 2022.
             Was a Believer of Lugonu.
             Killed from afar by an orc wizard (11 damage)
             ... with a magic dart
             ... on level 6 of the Dungeon.
             The game lasted 00:14:19 (4046 turns).

KennySheep the Cudgeller (Formicid Fighter)         Turns: 4046, Time: 00:14:20

Health: -5/62      AC: 14    Str: 22      XL:     8   Next: 22%
Magic:  11/11      EV:  7    Int:  7 (9)  God:    Lugonu [**....]
Gold:   46         SH:  5    Dex: 12 (13) Spells: 7/7 levels left

rFire   + . .      SeeInvis +    b - +0 morningstar
rCold   + . .      Faith    +    c - +0 buckler
rNeg    . . .      Spirit   .    e - +1 chain mail of the Eight Boll Weevils {rF+ rC+}
rPois   .          Reflect  .    (helmet unavailable)
rElec   .          Harm     .    o - scarf {repulsion}
rCorr   .          Rampage  .    (no gloves)
Will    .....                    A - +2 pair of boots {Fly}
Stlth   ..........               y - amulet of faith
HPRegen 0.30/turn                (no ring)
MPRegen 0.12/turn                (no ring)

@: flying, repel missiles
A: permanent stasis, dig shafts and tunnels, antennae 3, four strong arms
a: Dig, Shaft Self, Renounce Religion, Depart the Abyss, Banish


You were on level 6 of the Dungeon.
You worshipped Lugonu.
Lugonu was pleased with you.
You visited 1 branch of the dungeon, and saw 6 of its levels.

You collected 302 gold pieces.
You spent 256 gold pieces at shops.

Inventory:

Hand Weapons
 a - a +0 flail
 b - a +0 morningstar (weapon)
 r - the +8 dagger of the Ten Tables {speed, rPois Int+3 SInv}
   (You found it on level 2 of the Dungeon)

   Attacks with this weapon are significantly faster.
   Int:       It affects your intelligence (+3).
   rPois:     It protects you from poison.
   SInv:      It lets you see invisible.
Armour
 c - a +0 buckler (worn)
 e - the +1 chain mail of the Eight Boll Weevils (worn) {rF+ rC+}
   (You bought it in a shop on level 5 of the Dungeon)

   rF:        It protects you from fire.
   rC:        It protects you from cold.
 o - a scarf of repulsion (worn)
 A - a +2 pair of boots of flying (worn)
Jewellery
 y - an amulet of faith (around neck)
 z - a ring of fire
Scrolls
 g - a scroll of amnesia {unknown}
 i - a scroll of noise
 k - a scroll of summoning
 l - a scroll of fog
 m - a scroll of poison
 n - a scroll of brand weapon
 p - a scroll of enchant armour
 s - 2 scrolls of fear
 u - a scroll of teleportation
 w - a scroll of enchant weapon
Potions
 d - 2 potions of might
 f - a potion of resistance {unknown}
 h - a potion of ambrosia {unknown}
 j - 2 potions of lignification
 q - 3 potions of degeneration
 t - a potion of brilliance {unknown}
 v - a potion of curing
 x - a potion of attraction {unknown}


   Skills:
 + Level 5.3 Fighting
 * Level 5.8 Maces & Flails
 + Level 5.3 Armour
 - Level 4.0 Shields
 * Level 4.5 Invocations


You had 7 spell levels left.
You didn't know any spells.
Your spell library contained the following spells:

 Spells                   Type           Power      Damage    Failure   Level
 Magic Dart               Conj           0%         1d3       99%         1
 Searing Ray              Conj           0%         2d4       100%        2
 Inner Flame              Hex/Fire       0%         N/A       100%        3
 Cause Fear               Hex            0%         N/A       100%        4
 Fulminant Prism          Conj/Hex       0%         3d5       100%        4
 Discord                  Hex            0%         N/A       100%        8


Dungeon Overview and Level Annotations

Branches:
Dungeon (6/15)
 Temple: D:4-7

Altars:
Lugonu

Shops:
D:4 =   D:5 *[   D:6 *


Innate Abilities, Weirdness & Mutations

You cannot be hasted, slowed, berserked, paralysed or teleported.
You can dig through walls and to a lower floor.
You have a pair of large antennae on your head. (SInv)
Your four strong arms can wield two-handed weapons with a shield.


Message History

The magic dart hits the sky beast!
The sky beast hits you but does no damage.
You closely miss the sky beast.
The sky beast is severely wounded.
You block the sky beast's attack.
You closely miss the sky beast.
The sky beast is severely wounded.
The sky beast hits you but does no damage.
You closely miss the sky beast.
The sky beast is severely wounded.
The sky beast flickers out of sight for a moment.
You block the sky beast's attack.
The orc wizard gestures at you while chanting.
The sky beast resists with some effort.
You closely miss the sky beast.
The sky beast is severely wounded.
The sky beast hits you. The sky beast shocks you.
* * * LOW HITPOINT WARNING * * *
You barely miss the sky beast.
The sky beast is severely wounded.
You block the sky beast's attack. The sky beast hits you.
* * * LOW HITPOINT WARNING * * *
The sky beast shocks you.
* * * LOW HITPOINT WARNING * * *
You sock the sky beast!
You kill the sky beast!
Lugonu accepts your kill.
The orc wizard points at you and mumbles some strange words.
The puff of flame is repelled.
You feel your strength returning.
Okay, then.
You barely miss the orc wizard.
The orc wizard is engulfed in a cloud of scalding steam. x2
The orc wizard hits you but does no damage.
You barely miss the orc wizard.
The orc wizard is heavily wounded.
The orc wizard is engulfed in a cloud of scalding steam. x2
The orc wizard casts a spell at you. The magic dart hits you!
You die...

#...# ##...##
#....>## #......
#....## ###....<#
##.....#######
##...<..§#§...#
#.......oo@...#
###.....§######
#.#....# {
###.#....o....
#........⌠...
..............
........#∩.∩.∩#
..........#######
....###....


You could see 2 orc wizards.

Vanquished Creatures
  Eustachio (D:5)
  3 black bears
  A sky beast (D:6)
  2 scorpions (D:5)
  A necrophage (D:5)
  A howler monkey (D:4)
  An orc priest (D:6)
  3 gnolls (D:3)
  2 adders (D:4)
  A shadow imp (D:5)
  A white imp (D:5)
  A worm (D:3)
  5 dart slugs
  6 orcs
  5 ball pythons
  7 bats
  4 endoplasms
  A giant cockroach (D:2)
  3 hobgoblins
  5 jackals
  10 kobolds
  4 quokkas
  A frilled lizard (D:1)
  6 goblins
  5 rats
80 creatures vanquished.

Vanquished Creatures (others)
  A fungus (D:1)
  A withered plant (D:1)
2 creatures vanquished.

Grand Total: 82 creatures vanquished

Notes
Turn   | Place    | Note
-------+----------+-------------------------------------------
     0 | D:1      | KennySheep the Formicid Fighter began the quest for the
                  | Orb.
     0 | D:1      | Reached XP level 1. HP: 18/18 MP: 1/1
     6 | D:1      | Noticed a redback
     7 | D:1      | Noticed a rime drake
     7 | D:1      | Noticed a polar bear
   126 | D:1      | Found a faded altar of an unknown god.
   133 | D:1      | Reached XP level 2. HP: 24/24 MP: 2/2
  1260 | D:2      | Reached XP level 3. HP: 28/29 MP: 3/3
  1697 | D:2      | Identified the +8 dagger of the Ten Tables {speed, rPois
                  | Int+3 SInv}
  1821 | D:3      | Reached XP level 4. HP: 37/37 MP: 4/4
  2282 | D:4      | Reached XP level 5. HP: 42/42 MP: 5/5
  2412 | D:1      | Prayed at the altar of an unknown god.
  2412 | D:1      | Became a worshipper of Lugonu the Unformed
  2412 | D:1      | Reached * piety under Lugonu
  2412 | D:1      | Reached ** piety under Lugonu
  2515 | D:4      | Found Taomoj's Jewellery Emporium.
  2556 | D:4      | Noticed a black bear
  2572 | D:4      | Killed a black bear
  2573 | D:4      | Reached skill level 1 in Invocations
  2573 | D:4      | Reached XP level 6. HP: 26/49 MP: 6/6
  2789 | D:4      | Noticed a black bear
  2837 | D:4      | Killed a black bear
  3053 | D:5      | Entered Level 5 of the Dungeon
  3087 | D:5      | Reached XP level 7. HP: 39/55 MP: 7/9
  3232 | D:5      | Reached skill level 5 in Maces & Flails
  3283 | D:5      | Found Cyt Wann's Gadget Gallery.
  3352 | D:5      | Found Jelar's Antique Armour Boutique.
  3360 | D:5      | Bought an ichor-stained chain mail for 256 gold pieces
  3360 | D:5      | Identified the +1 chain mail of the Eight Boll Weevils {rF+
                  | rC+} (You bought it in a shop on level 5 of the Dungeon)
  3454 | D:5      | Noticed Eustachio
  3480 | D:5      | Killed Eustachio
  3481 | D:5      | Reached skill level 5 in Fighting
  3481 | D:5      | Reached skill level 5 in Armour
  3868 | D:5      | Reached XP level 8. HP: 59/62 MP: 11/11
  4009 | D:6      | Found Pies's CLEARANCE SALE!.
  4046 | D:6      | Killed from afar by an orc wizard

Illustrated notes

Levels and vault maps discovered:
D:1:      onia_arrival_zoo_common, layout_basic, shapermc_ecumenical_altar_gd,
          dreamdust_mushroom_princess
D:2:      layout_rooms, grunt_ministairs_12, minmay_tetromino_i4
D:3:      layout_rooms
D:4:      minmay_general_purpose_star, layout_rooms, serial_shops, shop
D:5:      layout_basic, serial_shops, shop, nicolae_shop_gadgets, uniq_eustachio
D:6:      layout_cave_pools, trog_wizard, kennysheep_mini_moat,
          nicolae_shop_clearance

Skill      XL: |  1  2  3  4  5  6  7 |
---------------+----------------------+-----
Maces & Flails | 3 4 5 |  5.8
Armour         | 4 5 |  5.3
Fighting       | 4 5 |  5.3
Invocations    | 1 2 4 |  4.5
Shields        | |  4.0

Action                   |  1- 3 |  4- 6 |  7- 9 || total
-------------------------+-------+-------+-------++-------
Melee: Flail             |   126 |       |       ||   126
       Dagger            |     3 |   111 |    32 ||   146
       Morningstar       |       |       |    38 ||    38
 Abil: Dig               |     4 |     4 |       ||     8
  Use: Potion            |     1 |       |     3 ||     4
       Scroll            |       |       |     9 ||     9
Armor: Scale mail        |    71 |    39 |     2 ||   112
       Chain mail        |       |       |    41 ||    41
Dodge: Dodged            |    61 |    51 |    22 ||   134
       Repelled          |     3 |       |     2 ||     5
Block: Buckler           |    36 |    24 |    14 ||    74

Table legend: (Time is in decaauts)
 A = Elapsed time spent in this place.
 B = Non-inter-level travel time spent in this place.
 C = Inter-level travel time spent in this place.
 D = Time resting spent in this place.
 E = Time spent auto-exploring this place.
 F = Levels seen in this place.
 G = Mean time per level.
                   A        B        C        D        E       F      G
               +--------+--------+--------+--------+--------+-----+--------+
         Total |   4050 |   3715 |    335 |    119 |   2840 |   6 |  675.0 |
       Dungeon |   4050 |   3715 |    335 |    119 |   2840 |   6 |  675.0 |
               +--------+--------+--------+--------+--------+-----+--------+

Top non-repeatable levels by time:
     D:1: 1328 daAuts
     D:5: 878 daAuts
     D:4: 676 daAuts
     D:2: 606 daAuts
     D:3: 514 daAuts
     D:6: 46 daAuts
